NWL
LEWISTON BRONCS @ BEND BANDITS
06/24/1982
 
TOP OF THE 1ST
Lewiston Broncs batting - Pitching for Bend Bandits : LHP Mike Kinnunen
Pitching: LHP Mike Kinnunen
Batting: LHB Wayne Kirby 0-0: Ball
1-0: Called Strike
1-1: SINGLE (Line Drive, 56D, EV 94.4 MPH)
Batting: LHB Alex Hernandez 0-0: Ball
1-0: Foul Ball, location: 2F
1-1: Fly out, F7 (Line Drive, 7D, EV 95.0 MPH)
Batting: RHB Jeff Kunkel 0-0: Called Strike
Wayne Kirby steals 2nd base
0-1: Foul Ball, location: 2F
0-2: Strikes out swinging, 2-3 out at first.
Batting: RHB Bruce Castoria 0-0: Ball
1-0: Called Strike
1-1: Ball
2-1: Foul Ball, location: 2F
2-2: Ball
3-2: SINGLE (Groundball, 4MD, EV 95.6 MPH)
Wayne Kirby to third
Wayne Kirby scores
Batting: RHB Sal D'Alessandro 0-0: Ground out 4-3 (Groundball, 4, EV 110.6 MPH)
Top of the 1st over - 1 run, 2 hits, 0 errors, 1 left on base; Lewiston 1 - Bend 0
BOTTOM OF THE 1ST
Bend Bandits batting - Pitching for Lewiston Broncs : RHP Eric King
Pitching: RHP Eric King
Batting: RHB Ronald Harper 0-0: Ball
1-0: Called Strike
1-1: Foul Ball, location: 2F
1-2: Ball
2-2: SINGLE (Groundball, 56S, EV 73.8 MPH) (infield hit)
Batting: LHB Darcy Walker 0-0: Ball
Ronald Harper steals 2nd base
1-0: Swinging Strike
1-1: Fly out, F9 (Flyball, 9, EV 82.5 MPH)
Batting: RHB Kevin Romine 0-0: SINGLE (Groundball, 56D, EV 101.9 MPH)
Ronald Harper to third
Runner from 3rd tries for Home, SAFE, throw by LF to home
Kevin Romine to second
Batting: LHB Chris Baird 0-0: Foul Ball, location: 2F
0-1: Ball
1-1: Swinging Strike
1-2: Foul Ball, location: 2F
1-2: Strikes out swinging
Batting: RHB Jeff Doerr 0-0: Ball
1-0: Ground out 6-3 (Groundball, 6, EV 81.3 MPH)
Bottom of the 1st over - 1 run, 2 hits, 0 errors, 1 left on base; Lewiston 1 - Bend 1
TOP OF THE 2ND
Lewiston Broncs batting - Pitching for Bend Bandits : LHP Mike Kinnunen
Batting: RHB Steven Spalt 0-0: Swinging Strike
0-1: Ball
1-1: Ball
2-1: Called Strike
2-2: Ground out 4-3 (Groundball, 4, EV 78.1 MPH)
Batting: RHB Jay Roberts 0-0: Foul Ball, location: 2F
0-1: Foul Ball, location: 2F
0-2: Ball
1-2: Ball
2-2: Fly out, F6 (Popup, 4MD, EV 47.5 MPH)
Batting: RHB Joaquin Gonzalez 0-0: Ball
1-0: Foul Ball, location: 2F
1-1: Called Strike
1-2: Ball
2-2: Ground out 1-3 (Groundball, 34S, EV 70.6 MPH)
Top of the 2nd over - 0 runs, 0 hits, 0 errors, 0 left on base; Lewiston 1 - Bend 1
BOTTOM OF THE 2ND
Bend Bandits batting - Pitching for Lewiston Broncs : RHP Eric King
Batting: RHB Joe Stalp 0-0: Called Strike
0-1: Foul Ball, location: 2F
0-2: Ball
1-2: Foul Ball, location: 2F
1-2: Ball
2-2: Strikes out swinging
Batting: RHB Trajano Estrela 0-0: Fly out, F4 (Popup, 4, EV 56.9 MPH)
Batting: LHB Michael Vaughn 0-0: Ball
1-0: Foul Ball, location: 2F
1-1: Ball
2-1: Fly out, F8 (Flyball, 8RD, EV 106.3 MPH)
Bottom of the 2nd over - 0 runs, 0 hits, 0 errors, 0 left on base; Lewiston 1 - Bend 1
TOP OF THE 3RD
Lewiston Broncs batting - Pitching for Bend Bandits : LHP Mike Kinnunen
Batting: SHB Stephen Kowalski 0-0: Ball
1-0: Swinging Strike
1-1: Called Strike
1-2: Foul Ball, location: 2F
1-2: Strikes out swinging
Batting: LHB Wayne Kirby 0-0: Ball
1-0: Foul Ball, location: 2F
1-1: Foul Ball, location: 2F
1-2: Ball
2-2: Ball
3-2: Base on Balls
Batting: LHB Alex Hernandez 0-0: Called Strike
0-1: Called Strike
0-2: Ball
1-2: Foul Ball, location: 2F
1-2: Ball
2-2: Ball
Wayne Kirby steals 2nd base
3-2: Fly out, F8 (Flyball, 8LM, EV 88.1 MPH)
Batting: RHB Jeff Kunkel 0-0: Called Strike
0-1: Ball
1-1: Foul Ball, location: 2F
1-2: Fly out, F9 (Flyball, 9S, EV 90.0 MPH)
Top of the 3rd over - 0 runs, 0 hits, 0 errors, 1 left on base; Lewiston 1 - Bend 1
BOTTOM OF THE 3RD
Bend Bandits batting - Pitching for Lewiston Broncs : RHP Eric King
Batting: RHB Jeffrey Thompson 0-0: Ball
1-0: Called Strike
1-1: Ball
2-1: Ground out 4-3 (Groundball, 4S, EV 68.8 MPH)
Batting: RHB Ronald Harper 0-0: Called Strike
0-1: Ball
1-1: DOUBLE (Line Drive, 89M, EV 108.1 MPH)
Batting: LHB Darcy Walker 0-0: Ball
1-0: Fly out, F9 (Flyball, 9LS, EV 86.9 MPH)
Batting: RHB Kevin Romine 0-0: Foul Ball, location: 2F
0-1: Ball
1-1: Foul Ball, location: 2F
1-2: SINGLE (Groundball, 56D, EV 99.4 MPH)
Ronald Harper to third
Runner from 3rd tries for Home, SAFE, throw by LF to home
Batting: LHB Chris Baird 0-0: Called Strike
0-1: Ball
1-1: Ground out 5-3 (Groundball, 15, EV 80.6 MPH)
Bottom of the 3rd over - 1 run, 2 hits, 0 errors, 1 left on base; Lewiston 1 - Bend 2
TOP OF THE 4TH
Lewiston Broncs batting - Pitching for Bend Bandits : LHP Mike Kinnunen
Batting: RHB Bruce Castoria 0-0: Ball
1-0: Ball
2-0: Ball
3-0: Called Strike
3-1: Base on Balls
Batting: RHB Sal D'Alessandro 0-0: Ball
1-0: Swinging Strike
1-1: Called Strike
1-2: Fly out, F9 (Line Drive, 9D, EV 90.6 MPH)
Batting: RHB Steven Spalt 0-0: Ball
1-0: SINGLE (Groundball, 34D, EV 108.8 MPH)
Bruce Castoria to second
Runner from 2nd tries for 3rd, SAFE, no throw by RF
Batting: RHB Jay Roberts 0-0: Called Strike
0-1: Ball
1-1: Ball
2-1: Called Strike
2-2: Foul Ball, location: 2F
2-2: Fielders Choice at 2nd, 4-6 (Groundball, 4M, EV 94.4 MPH)
Bruce Castoria scores
Batting: RHB Joaquin Gonzalez 0-0: Ball
1-0: Ball
2-0: Swinging Strike
2-1: Ball
3-1: Base on Balls
Jay Roberts to second
Batting: SHB Stephen Kowalski 0-0: Ball
1-0: Called Strike
1-1: Ground out 4-3 (Groundball, 4M, EV 101.9 MPH)
Top of the 4th over - 1 run, 1 hit, 0 errors, 2 left on base; Lewiston 2 - Bend 2
BOTTOM OF THE 4TH
Bend Bandits batting - Pitching for Lewiston Broncs : RHP Eric King
Batting: RHB Jeff Doerr 0-0: Ball
1-0: Fly out, F9 (Flyball, 89D, EV 101.9 MPH)
Batting: RHB Joe Stalp 0-0: Called Strike
0-1: Swinging Strike
0-2: Strikes out looking
Batting: RHB Trajano Estrela 0-0: Ball
1-0: Ball
2-0: Called Strike
2-1: DOUBLE (Line Drive, 8RXD, EV 107.5 MPH)
Batting: LHB Michael Vaughn 0-0: Ball
1-0: Ball
2-0: Called Strike
2-1: Fly out, F3 (Popup, 3S, EV 78.1 MPH)
Bottom of the 4th over - 0 runs, 1 hit, 0 errors, 1 left on base; Lewiston 2 - Bend 2
TOP OF THE 5TH
Lewiston Broncs batting - Pitching for Bend Bandits : LHP Mike Kinnunen
Batting: LHB Wayne Kirby 0-0: SINGLE (Groundball, 4MS, EV 66.3 MPH) (infield hit)
Batting: LHB Alex Hernandez 0-0: Ball
1-0: Bunted foul
1-1: Ball
2-1: Sac Bunt to 25 - play at first, batter OUT! 5-4
Wayne Kirby to second
Batting: RHB Jeff Kunkel 0-0: Fly out, F8 (Flyball, 8LM, EV 90.0 MPH)
Batting: RHB Bruce Castoria 0-0: Foul Ball, location: 2F
0-1: Ball
1-1: SINGLE (Line Drive, 8RS, EV 104.4 MPH)
Wayne Kirby to third
Runner from 3rd tries for Home, SAFE, throw by CF to home
Bruce Castoria to second
Batting: RHB Sal D'Alessandro 0-0: Ball
1-0: Foul Ball, location: 2F
1-1: Foul Ball, location: 2F
1-2: Ball
2-2: Ball
3-2: Strikes out swinging
Top of the 5th over - 1 run, 2 hits, 0 errors, 1 left on base; Lewiston 3 - Bend 2
BOTTOM OF THE 5TH
Bend Bandits batting - Pitching for Lewiston Broncs : RHP Eric King
Batting: RHB Jeffrey Thompson 0-0: Called Strike
0-1: Ball
1-1: Called Strike
1-2: Foul Ball, location: 2F
1-2: Ball
2-2: Strikes out swinging
Batting: RHB Ronald Harper 0-0: Called Strike
0-1: Ball
1-1: Ground out 5-3 (Groundball, 5S, EV 70.0 MPH)
Batting: LHB Darcy Walker 0-0: Ball
1-0: Called Strike
1-1: Called Strike
1-2: Strikes out swinging
Bottom of the 5th over - 0 runs, 0 hits, 0 errors, 0 left on base; Lewiston 3 - Bend 2
TOP OF THE 6TH
Lewiston Broncs batting - Pitching for Bend Bandits : LHP Mike Kinnunen
Pitching: LHP David Flowers
Batting: RHB Steven Spalt 0-0: Ball
1-0: Called Strike
1-1: Swinging Strike
1-2: Fly out, F7 (Flyball, 7LD, EV 98.8 MPH)
Batting: RHB Jay Roberts 0-0: Ball
1-0: Ball
2-0: Called Strike
2-1: Ball
3-1: Base on Balls
Batting: RHB Joaquin Gonzalez 0-0: Called Strike
0-1: Called Strike
Jay Roberts is caught stealing 2nd base 2-4
0-2: Ball
1-2: Ball
2-2: Ball
3-2: Strikes out swinging
Top of the 6th over - 0 runs, 0 hits, 0 errors, 0 left on base; Lewiston 3 - Bend 2
BOTTOM OF THE 6TH
Bend Bandits batting - Pitching for Lewiston Broncs : RHP Eric King
Batting: RHB Kevin Romine 0-0: Ball
1-0: Ball
2-0: SINGLE (Flyball, 8RS, EV 92.5 MPH)
Batting: LHB Chris Baird 0-0: Fly out, F8 (Line Drive, 8LM, EV 90.6 MPH)
Batting: RHB Jeff Doerr 0-0: Called Strike
0-1: Ball
1-1: Ball
2-1: Swinging Strike
2-2: Ball
3-2: Ground out 1-3 (Groundball, 34S, EV 70.6 MPH)
Kevin Romine to second
Batting: RHB Joe Stalp 0-0: Ball
1-0: Called Strike
1-1: Foul Ball, location: 2F
1-2: Strikes out swinging
Bottom of the 6th over - 0 runs, 1 hit, 0 errors, 1 left on base; Lewiston 3 - Bend 2
TOP OF THE 7TH
Lewiston Broncs batting - Pitching for Bend Bandits : LHP David Flowers
Batting: SHB Stephen Kowalski 0-0: Called Strike
0-1: Ground out 3-1 (Groundball, 34S, EV 76.3 MPH)
Batting: LHB Wayne Kirby 0-0: Called Strike
0-1: Ball
1-1: Ball
2-1: Foul Ball, location: 2F
2-2: Ball
3-2: Fly out, F7 (Flyball, 78D, EV 100.0 MPH)
Batting: LHB Alex Hernandez 0-0: Called Strike
0-1: Ball
1-1: Ball
2-1: Swinging Strike
2-2: Ground out 5-3 (Groundball, 56, EV 84.4 MPH)
Top of the 7th over - 0 runs, 0 hits, 0 errors, 0 left on base; Lewiston 3 - Bend 2
BOTTOM OF THE 7TH
Bend Bandits batting - Pitching for Lewiston Broncs : RHP Eric King
Batting: RHB Trajano Estrela 0-0: Fly out, F8 (Line Drive, 8LM, EV 90.0 MPH)
Batting: LHB Michael Vaughn 0-0: Foul Ball, location: 2F
0-1: Called Strike
0-2: Ground out 6-3 (Groundball, 6, EV 98.8 MPH)
Batting: RHB Jeffrey Thompson 0-0: SINGLE (Groundball, 4MD, EV 98.8 MPH)
Pinch Hitting: LHB Jim Riggs 0-0: Ball
1-0: Ball
2-0: Called Strike
2-1: Ball
3-1: Called Strike
3-2: Strikes out swinging
Bottom of the 7th over - 0 runs, 1 hit, 0 errors, 1 left on base; Lewiston 3 - Bend 2
TOP OF THE 8TH
Lewiston Broncs batting - Pitching for Bend Bandits : LHP David Flowers
Now in CF: William Lockwood
Batting: RHB Jeff Kunkel 0-0: Called Strike
0-1: Ball
1-1: Foul Ball, location: 2F
1-2: Strikes out swinging
Batting: RHB Bruce Castoria 0-0: Called Strike
0-1: Ball
1-1: Ball
2-1: Fly out, F8 (Flyball, 89D, EV 96.9 MPH)
Batting: RHB Sal D'Alessandro 0-0: Ball
1-0: Ball
2-0: Called Strike
2-1: Ball
3-1: Foul Ball, location: 2F
3-2: Foul Ball, location: 2F
3-2: SOLO HOME RUN (Flyball, 9D, EV 105.6 MPH), Distance : 367 ft
Pitching: RHP Craig Bricker
Batting: RHB Steven Spalt 0-0: Foul Ball, location: 2F
0-1: Ball
1-1: Ground out 5-3 (Groundball, 56S, EV 68.8 MPH)
Top of the 8th over - 1 run, 1 hit, 0 errors, 0 left on base; Lewiston 4 - Bend 2
BOTTOM OF THE 8TH
Bend Bandits batting - Pitching for Lewiston Broncs : RHP Eric King
Batting: LHB Darcy Walker 0-0: SINGLE (Groundball, 4MD, EV 98.1 MPH)
Batting: RHB Kevin Romine 0-0: Fly out, F9 (Flyball, 9, EV 84.4 MPH)
Batting: LHB Chris Baird 0-0: Called Strike
0-1: Ball
1-1: Ball
2-1: Swinging Strike
2-2: Ball
3-2: Strikes out swinging
Batting: RHB Jeff Doerr 0-0: Ball
1-0: Called Strike
1-1: Ball
2-1: Ball
3-1: Foul Ball, location: 2F
3-2: Foul Ball, location: 2F
3-2: Foul Ball, location: 2F
3-2: Base on Balls
Darcy Walker to second
Batting: RHB Joe Stalp 0-0: Ball
1-0: Ball
2-0: Ground out 5-3 (Groundball, 56S, EV 81.9 MPH)
Bottom of the 8th over - 0 runs, 1 hit, 0 errors, 2 left on base; Lewiston 4 - Bend 2
TOP OF THE 9TH
Lewiston Broncs batting - Pitching for Bend Bandits : RHP Craig Bricker
Pitching: LHP Michael Biedenkapp
Batting: RHB Jay Roberts 0-0: Ball
1-0: Ball
2-0: Ball
3-0: Base on Balls
Batting: RHB Joaquin Gonzalez 0-0: Ball
1-0: Bunted foul
1-1: Bunted foul
1-2: Ball
2-2: Ball
Jay Roberts steals 2nd base
3-2: Intentional Walk
Batting: SHB Stephen Kowalski 0-0: Called Strike
0-1: Ball
1-1: Fly out, F8 (Flyball, 8RD, EV 83.8 MPH)
Runner from 2nd tags up, SAFE at 3rd with throw by CF
Batting: LHB Wayne Kirby 0-0: Ball
1-0: Ball
2-0: Ball
3-0: Called Strike
3-1: Base on Balls
Joaquin Gonzalez to second
Batting: LHB Alex Hernandez 0-0: SINGLE (Line Drive, 78S, EV 100.0 MPH)
Jay Roberts scores
Joaquin Gonzalez to third
Wayne Kirby to second
Batting: RHB Jeff Kunkel 0-0: Called Strike
0-1: Fly out, F6 (Popup, 56D, EV 57.5 MPH)
Batting: RHB Bruce Castoria 0-0: Ball
1-0: Swinging Strike
1-1: Fly out, F7 (Flyball, 78S, EV 86.9 MPH)
Top of the 9th over - 1 run, 1 hit, 0 errors, 3 left on base; Lewiston 5 - Bend 2
BOTTOM OF THE 9TH
Bend Bandits batting - Pitching for Lewiston Broncs : RHP Eric King
Pitching: LHP Brian Householder
Batting: RHB Trajano Estrela 0-0: Swinging Strike
0-1: Ball
1-1: Ball
2-1: Foul Ball, location: 2F
2-2: Strikes out swinging
Batting: LHB Michael Vaughn 0-0: Ball
1-0: Ball
2-0: Ground out U3 (Groundball, 34, EV 78.8 MPH)
Batting: RHB Jeffrey Thompson 0-0: Ball
1-0: Ball
2-0: Called Strike
2-1: Foul Ball, location: 2F
2-2: Strikes out swinging
Bottom of the 9th over - 0 runs, 0 hits, 0 errors, 0 left on base; Lewiston 5 - Bend 2
Monday, August 10th, 2020 - OOTP Baseball 21.5 Build 76